 Dungeon Crawl Stone Soup version 0.30-a0-253-g6b895097cc (webtiles) character file.

Game seed: 14260774273682271501

21 tirquin the Conjurer (level 3, -1/24 HPs)
             Began as a Human Conjurer on Oct 13, 2022.
             Slain by a quokka (3 damage)
             ... on level 2 of the Dungeon.
             The game lasted 00:04:10 (807 turns).

tirquin the Conjurer (Human Conjurer)                Turns: 807, Time: 00:04:11

Health: -1/24      AC:  2    Str:  7    XL:     3   Next: 5%
Magic:  0/6        EV: 12    Int: 20    God:
Gold:   61         SH:  0    Dex: 11    Spells: 5/6 levels left

rFire   . . .      SeeInvis .    b - +0 short sword
rCold   . . .      Faith    .    (no shield)
rNeg    . . .      Spirit   .    a - +0 robe
rPois   .          Reflect  .    (no helmet)
rElec   .          Harm     .    (no cloak)
rCorr   .          Rampage  .    (no gloves)
Will    .....                    (no boots)
Stlth   ++........               (no amulet)
HPRegen 0.24/turn                (no ring)
MPRegen 0.10/turn                (no ring)

@: no status effects
A: no striking features
a: no special abilities


You were on level 2 of the Dungeon.
You visited 1 branch of the dungeon, and saw 2 of its levels.

You collected 61 gold pieces.

Inventory:

Hand Weapons
 b - a +0 short sword (weapon)
Armour
 a - a +0 robe (worn)
Scrolls
 d - 2 scrolls of poison {unknown}
 g - a scroll of identify {unknown}
 i - a scroll of teleportation {unknown}
Potions
 c - 3 potions of heal wounds
 e - a potion of flight {unknown}
 f - a potion of curing {unknown}
 h - a potion of attraction {unknown}
 j - a potion of mutation {unknown}
 k - 2 potions of might {unknown}
 l - a potion of degeneration {unknown}


   Skills:
 + Level 2.0 Dodging
 + Level 2.0 Stealth
 + Level 2.1 Spellcasting
 + Level 4.6 Conjurations


You had 5 spell levels left.
You knew the following spells:

 Your Spells              Type           Power      Damage    Failure   Level
a - Magic Dart            Conj           80%        1d7       2%          1

Your spell library contained the following spells:

 Spells                   Type           Power      Damage    Failure   Level
 Searing Ray              Conj           40%        2d5       3%          2
 Dazzling Flash           Conj/Hex       22%        N/A       19%         3
 Fulminant Prism          Conj/Hex       5%         3d7       52%         4
 Iskenderun's Mystic Bla  Conj/Tloc      11%        2d4       52%         4


Dungeon Overview and Level Annotations

Branches:
Dungeon (2/15)

Altars:


Message History

b - a +0 short sword (weapon)
The quokka barely misses you. The ball python misses you.
The ball python closely misses you.
You closely miss the quokka. The bat hits you. The bat closely misses you.
The quokka twitches its whiskers.
The quokka barely misses you. The ball python bites you.
* * * LOW HITPOINT WARNING * * *
The ball python closely misses you.
You barely miss the quokka. The bat hits you but does no damage.
The bat closely misses you. The quokka barely misses you.
The ball python bites you but does no damage.
The ball python closely misses you.
Casting: Magic Dart (safe; 2% risk of failure)
Confirm with . or Enter, or press ? or * to list all spells.
Aiming: Magic Dart (safe; 2% risk of failure)
Press: ? - help, Shift-Dir - straight line, f - ball python
Aim: a ball python (100% to hit)
The magic dart hits the ball python.
The ball python is severely wounded.
The bat hits you but does no damage. The quokka bites you.
* * * LOW HITPOINT WARNING * * *
The ball python closely misses you. The ball python grabs you.
The ball python constricts you.
Casting: Magic Dart (safe; 2% risk of failure)
Confirm with . or Enter, or press ? or * to list all spells.
Aiming: Magic Dart (safe; 2% risk of failure)
Press: ? - help, Shift-Dir - straight line, f/p - ball python
Aim: a ball python (severely wounded, constricting you, 100% to hit)
The magic dart hits the ball python.
You kill the ball python!
The bat hits you but does no damage. The quokka closely misses you.
Casting: Magic Dart (safe; 2% risk of failure)
Confirm with . or Enter, or press ? or * to list all spells.
You don't have enough magic to cast this spell.
You hit the kobold but do no damage. The bat barely misses you.
The bat closely misses you. The quokka closely misses you.
The bat barely misses you. The kobold hits you with a +0 whip.
* * * LOW HITPOINT WARNING * * *
The quokka bites you.
You die...

####### .......
#.....# .......
#..<..# ..w....
#.....# .......
#.....###...[...
#...............
#....w##........
#...Kr#.........
#..?b@#.####....
#.....#w# #..
#######g######.#
#. ##g##.....##
#. #gKS..###..#
##.
#.##...###.####..
#.##....##.......
#..gg......##....
####g......†.....


You could see a dart slug, a quokka, a bat and a kobold.

Vanquished Creatures
  3 ball pythons
  2 endoplasms
  5 goblins
  A hobgoblin (D:1)
  2 kobolds (D:1)
  A quokka (D:1)
  A bat (D:1)
  A frilled lizard (D:2)
  5 rats (D:1)
21 creatures vanquished.

Notes
Turn   | Place    | Note
-------+----------+-------------------------------------------
     0 | D:1      | tirquin the Human Conjurer began the quest for the Orb.
     0 | D:1      | Reached XP level 1. HP: 13/13 MP: 3/3
   187 | D:1      | Reached XP level 2. HP: 19/19 MP: 3/5
   779 | D:2      | Reached XP level 3. HP: 11/24 MP: 1/6
   807 | D:2      | Slain by a quokka

Illustrated notes

Levels and vault maps discovered:
D:1:      co_arrival_square_in_a_square_in_a_square, layout_basic
D:2:      layout_rooms, shapermc_ecumenical_altar_acropolis, uniq_robin

Action                   || total
-------------------------++-------
Melee: Short sword       ||     3
       Unarmed           ||     2
 Cast: Magic Dart        ||    36
  Use: Potion            ||     2
Armor: Robe              ||    14
Dodge: Dodged            ||    42

Table legend: (Time is in decaauts)
 A = Elapsed time spent in this place.
 B = Non-inter-level travel time spent in this place.
 C = Inter-level travel time spent in this place.
 D = Time resting spent in this place.
 E = Time spent auto-exploring this place.
 F = Levels seen in this place.
 G = Mean time per level.
                   A        B        C        D        E       F      G
               +--------+--------+--------+--------+--------+-----+--------+
         Total |    806 |    786 |     20 |      0 |    673 |   2 |  403.0 |
       Dungeon |    806 |    786 |     20 |      0 |    673 |   2 |  403.0 |
               +--------+--------+--------+--------+--------+-----+--------+

Top non-repeatable levels by time:
     D:1: 749 daAuts
     D:2: 57 daAuts
